 Dungeon Crawl Stone Soup version 0.32-a0-931-g5a2cda0630 (webtiles) character file.

Game seed: 9373438576240680640

536 Alarak the Poker (level 7, -1/56 HPs)
             Began as a Gnoll Reaver on Apr 14, 2024.
             Slain by an orc warrior
             ... wielding a +0 glaive
              (15 damage)
             ... on level 6 of the Dungeon.
             The game lasted 00:08:46 (4390 turns).

Alarak the Poker (Gnoll Reaver)                     Turns: 4390, Time: 00:08:47

Health: -1/56      AC:  9    Str: 13    XL:     7   Next: 25%
Magic:  15/15      EV:  7    Int: 13    God:
Gold:   272        SH: 11    Dex: 10    Spells: 16/17 levels left

rFire   . . .        g - +3 spear (pain)
rCold   . . .        s - +0 tower shield
rNeg    . . .        a - +5 robe "Udewusm" {+Blink rElec}
rPois   .            h - +0 helmet
rElec   +            (no cloak)
rCorr   .            i - +0 pair of gloves
SInv    .            (no boots)
Will    .....        (no amulet)
Stlth   ++           f - +4 ring of slaying
HPRegen 0.29/turn    (no ring)
MPRegen 0.14/turn

%: no passive effects
@: no status effects
A: fangs 1, strong nose, distributed training
a: Convert to Beogh, Evoke Blink


You were on level 6 of the Dungeon.
You visited 1 branch of the dungeon, and saw 6 of its levels.

You collected 272 gold pieces.

Inventory:

Hand Weapons
 g - a +3 spear of pain (weapon)
 l - a +0 halberd
Missiles
 q - 6 datura-tipped darts
Armour
 a - the +5 robe "Udewusm" (worn) {+Blink rElec}
   (You found it on level 3 of the Dungeon)

   rElec:     It insulates you from electricity.
   +Blink:    It lets you blink.
 h - a +0 helmet (worn)
 i - a +0 pair of gloves (worn)
 s - a +0 tower shield (worn)
Jewellery
 f - a +4 ring of slaying (left hand)
Wands
 p - a wand of warping (9)
Scrolls
 c - a scroll of revelation
 d - 3 scrolls of vulnerability
 k - 3 scrolls of fear
 n - 4 scrolls of teleportation
Potions
 b - a potion of lignification {unknown}
 e - a potion of heal wounds {unknown}
 j - a potion of resistance
 m - a potion of attraction {unknown}
 o - a potion of curing {unknown}
 r - a potion of haste {unknown}


   Skills:
 + Level 5.2 Fighting
 + Level 2.4 Short Blades
 + Level 2.4 Long Blades
 + Level 2.4 Axes
 + Level 2.4 Maces & Flails
 + Level 7.0 Polearms
 + Level 2.4 Staves
 + Level 2.4 Ranged Weapons
 + Level 2.4 Throwing
 + Level 2.4 Armour
 + Level 5.2 Dodging
 + Level 2.4 Stealth
 + Level 2.4 Shields
 + Level 2.4 Unarmed Combat
 + Level 5.6 Spellcasting
 + Level 5.8 Conjurations
 + Level 2.0 Hexes
 + Level 2.0 Summonings
 + Level 2.0 Necromancy
 + Level 2.0 Translocations
 + Level 2.0 Fire Magic
 + Level 2.0 Ice Magic
 + Level 2.0 Air Magic
 + Level 2.0 Earth Magic
 + Level 2.0 Alchemy
 + Level 2.7 Invocations
 + Level 2.4 Evocations
 + Level 2.2 Shapeshifting


You had 16 spell levels left.
You knew the following spells:

 Your Spells              Type           Power      Damage    Failure   Level
a - Kiss of Death         Conj/Necr      52%        2d9       54%         1

Your spell library contained the following spells:

 Spells                   Type           Power      Damage    Failure   Level
 Momentum Strike          Conj/Tloc      26%        3d8       69%         2
 Hailstorm                Conj/Ice       13%        3d6       89%         3
 Inner Flame              Hex/Fire       8%         N/A       99%         3
 Passwall                 Erth           8%         N/A       99%         3
 Volatile Blastmotes      Fire/Tloc      16%        2d11      99%         3
 Flame Wave               Conj/Fire      13%        2d6       100%        4
 Sticky Flame             Fire/Alch      8%         2d4       100%        4
 Vhi's Electric Charge    Tloc/Air       16%        N/A       100%        4
 Bombard                  Conj/Erth      6%         9d2       100%        6


Dungeon Overview and Level Annotations

Branches:
Dungeon (6/15)
 Temple: D:4-7

Altars:
Cheibriados
Gozag
Qazlal
Sif Muna
Uskayaw
Vehumet


Innate Abilities, Weirdness & Mutations

You have very sharp teeth.
Your uncanny sense of smell can sniff out nearby items.
Your experience applies equally to all skills.


Message History

The orc wizard casts a spell at you.
You are more confused.
You bump into the rock wall.
You bump into the rock wall.
The orc wizard hits you with a +0 dagger.
You puncture the orc wizard!
The orc wizard writhes in agony.
Your bite misses the orc wizard.
The orc wizard is severely wounded.
The orc warrior hits you from afar with a +0 glaive!
The orc wizard hits you but does no damage.
You bump into the rock wall.
The orc warrior closely misses you.
The orc wizard mumbles some strange words.
The orc wizard flickers and vanishes!
Deactivating autopickup; reactivate with Ctrl-A.
You puncture something!
Reactivating autopickup.
You feel a bit more experienced.
The orc warrior hits you but does no damage.
You're too confused to move!
You feel less confused.
The orc warrior loudly roars encouragement to no one in particular.
The orc warrior hits you but does no damage.
The orc warrior closely misses you.
An orc priest comes into view. It is wielding a +0 trident.
You barely miss the orc warrior.
The orc warrior hits you with a +0 glaive.
The orc priest shouts!
You hit the orc warrior.
The orc warrior writhes in agony.
The orc warrior is moderately wounded.
The orc warrior hits you with a +0 glaive!
The orc priest shouts, "Surrender to Beogh and we'll let you live!" (press Y on the ability menu to convert to Beogh)
You block the orc warrior's attack.
The orc priest hits you but does no damage.
You barely miss the orc priest.
The orc warrior hits you from afar with a +0 glaive!
* * * LOW HITPOINT WARNING * * *
The orc priest hits you but does no damage.
The orc warrior hits you from afar with a +0 glaive!
You die...

## ## .##
######. #.#
....... #.###
#...###...#
#...##.#
##o###.# #.#
#.# #@# #.#
#o# #.# ..#
#.# #### #.#
#.###########
#...........#
###########.#
#.# #.#


You could see an orc warrior and an orc priest.

Vanquished Creatures
  2 centaurs (D:5)
  A scorpion (D:5)
  A gnoll sergeant (D:4)
  Terence (D:2)
  A sleepcap (D:4)
  An orc wizard (D:6)
  6 gnolls
  6 adders
  A shadow imp (D:5)
  A ribbon worm (D:2)
  3 orcs
  4 bats
  3 endoplasms
  3 giant cockroaches
  8 goblins
  3 hobgoblins
  7 kobolds
  5 quokkas
  3 ball pythons
  4 frilled lizards
  3 rats
67 creatures vanquished.

Notes
Turn   | Place    | Note
-------+----------+-------------------------------------------
     0 | D:1      | Alarak the Gnoll Reaver began the quest for the Orb.
     0 | D:1      | Reached XP level 1. HP: 20/20 MP: 6/6
   109 | D:1      | Reached XP level 2. HP: 24/26 MP: 7/7
   733 | D:2      | Found a faded altar of an unknown god.
   771 | D:2      | Reached skill level 5 in Spellcasting
   771 | D:2      | Reached XP level 3. HP: 12/31 MP: 7/9
   930 | D:2      | Found a stormy altar of Qazlal.
   972 | D:2      | Noticed Terence
   994 | D:2      | Killed Terence
   995 | D:2      | Reached skill level 1 in Short Blades
   995 | D:2      | Reached skill level 1 in Long Blades
   995 | D:2      | Reached skill level 1 in Axes
   995 | D:2      | Reached skill level 1 in Maces & Flails
   995 | D:2      | Reached skill level 1 in Staves
   995 | D:2      | Reached skill level 1 in Ranged Weapons
   995 | D:2      | Reached skill level 1 in Throwing
   995 | D:2      | Reached skill level 1 in Armour
   995 | D:2      | Reached skill level 1 in Stealth
   995 | D:2      | Reached skill level 1 in Shields
   995 | D:2      | Reached skill level 1 in Unarmed Combat
   995 | D:2      | Reached skill level 1 in Invocations
   995 | D:2      | Reached skill level 1 in Evocations
   995 | D:2      | Reached skill level 1 in Shapeshifting
   995 | D:2      | Reached XP level 4. HP: 15/37 MP: 11/11
  1513 | D:3      | Reached skill level 1 in Hexes
  1513 | D:3      | Reached skill level 1 in Summonings
  1513 | D:3      | Reached skill level 1 in Necromancy
  1513 | D:3      | Reached skill level 1 in Translocations
  1513 | D:3      | Reached skill level 1 in Fire Magic
  1513 | D:3      | Reached skill level 1 in Ice Magic
  1513 | D:3      | Reached skill level 1 in Air Magic
  1513 | D:3      | Reached skill level 1 in Earth Magic
  1513 | D:3      | Reached skill level 1 in Alchemy
  1584 | D:3      | Reached XP level 5. HP: 35/43 MP: 12/12
  1749 | D:3      | Identified the +5 robe "Udewusm" {+Blink rElec}
  2420 | D:4      | Found a radiant altar of Vehumet.
  2543 | D:4      | Found a hide-covered altar of Uskayaw.
  2724 | D:4      | Found a faded altar of an unknown god.
  2724 | D:4      | Found an opulent altar of Gozag.
  2732 | D:4      | Found a faded altar of an unknown god.
  2737 | D:4      | Found a shimmering blue altar of Sif Muna.
  2739 | D:4      | Found a snail-covered altar of Cheibriados.
  3138 | D:4      | Reached skill level 5 in Fighting
  3138 | D:4      | Reached skill level 5 in Dodging
  3138 | D:4      | Reached XP level 6. HP: 7/51 MP: 14/14
  3432 | D:5      | Entered Level 5 of the Dungeon
  3845 | D:5      | Reached XP level 7. HP: 56/56 MP: 15/15
  4066 | D:5      | Reached skill level 7 in Polearms
  4390 | D:6      | Slain by an orc warrior

Illustrated notes

Levels and vault maps discovered:
D:1:      ebering_hopf_link, layout_basic, grunt_decor_junction
D:2:      layout_loops_ring, hellmonk_ecumenical_altar_pennies_from_heaven,
          basic_altar, uniq_terence
D:3:      layout_loops_ring
D:4:      layout_loops_ring, mainiacjoe_overflow_chevrons,
          chequers_temple_overflow_minitemple, nicolae_vehumet_altar_sigil,
          lightli_minifort
D:5:      layout_basic, minmay_door_square
D:6:      layout_loops_ring, minmay_temple_entry_glassed_door

Skill      XL: |  1  2  3  4  5  6  7 |
---------------+----------------------+-----
Spellcasting   | 5 |  5.6
Short Blades   | 1 2 |  2.4
Long Blades    | 1 2 |  2.4
Axes           | 1 2 |  2.4
Maces & Flails | 1 2 |  2.4
Staves         | 1 2 |  2.4
Ranged Weapons | 1 2 |  2.4
Throwing       | 1 2 |  2.4
Armour         | 1 2 |  2.4
Stealth        | 1 2 |  2.4
Shields        | 1 2 |  2.4
Unarmed Combat | 1 2 |  2.4
Invocations    | 1 2 |  2.7
Evocations     | 1 2 |  2.4
Shapeshifting  | 1 2 |  2.2
Hexes          | 1 2 |  2.0
Summonings     | 1 2 |  2.0
Necromancy     | 1 2 |  2.0
Translocations | 1 2 |  2.0
Fire Magic     | 1 2 |  2.0
Ice Magic      | 1 2 |  2.0
Air Magic      | 1 2 |  2.0
Earth Magic    | 1 2 |  2.0
Alchemy        | 1 2 |  2.0
Fighting       | 5 |  5.2
Dodging        | 5 |  5.2
Polearms       | 7 |  7.0
Conjurations   | |  5.8

Action                     |  1- 3 |  4- 6 |  7- 9 || total
---------------------------+-------+-------+-------++-------
  Melee: Spear             |   129 |   109 |     9 ||   247
         Bite              |     7 |    10 |     1 ||    18
         Halberd           |       |    46 |       ||    46
   Cast: Kiss of Death     |     1 |       |       ||     1
  Evoke: Wand              |       |     1 |       ||     1
    Use: Scroll            |     7 |     4 |     1 ||    12
         Potion            |     1 |       |       ||     1
   Stab: Sleeping          |       |     3 |       ||     3
         Distracted        |       |     1 |       ||     1
 Armour: Leather armour    |    52 |     7 |       ||    59
         Chain mail        |       |    47 |       ||    47
         Robe              |       |    30 |    15 ||    45
  Dodge: Dodged            |    47 |    47 |     2 ||    96
  Block: Tower shield      |       |       |     1 ||     1

Table legend: (Time is in decaauts)
 A = Elapsed time spent in this place.
 B = Non-inter-level travel time spent in this place.
 C = Inter-level travel time spent in this place.
 D = Time resting spent in this place.
 E = Time spent auto-exploring this place.
 F = Levels seen in this place.
 G = Mean time per level.
                   A        B        C        D        E       F      G
               +--------+--------+--------+--------+--------+-----+--------+
         Total |   4354 |   4110 |    244 |    575 |   2934 |   6 |  725.7 |
       Dungeon |   4354 |   4110 |    244 |    575 |   2934 |   6 |  725.7 |
               +--------+--------+--------+--------+--------+-----+--------+

Top non-repeatable levels by time:
     D:4: 1094 daAuts
     D:2: 933 daAuts
     D:3: 848 daAuts
     D:5: 777 daAuts
     D:1: 523 daAuts
     D:6: 176 daAuts
